 Dungeon Crawl Stone Soup version 0.32-a0-43-g058985b245 (webtiles) character file.

Game seed: 11887170029466184457

203056 Zonian the Artisan of Death (level 17, 0/135 HPs)
             Began as a Felid Summoner on Jan 15, 2024.
             Was a Priest of Kikubaaqudgha.
             Shot with a sling bullet by a faun (11 damage)
             ... on level 1 of the Shoals on Feb 3, 2024.
             The game lasted 07:01:21 (72402 turns).

Zonian the Artisan of Death (Felid Summoner)       Turns: 72402, Time: 07:01:21

Health: 0/135      AC: 32    Str:  4    XL:     17   Next: 96%
Magic:  8/36       EV:  4    Int: 28    God:    Kikubaaqudgha [***...]
Gold:   453        SH:  5    Dex: 19    Spells: 0/44 levels left
                                        Lives:  0   Deaths: 3

rFire   . . .        (weapon unavailable)
rCold   + + .        (shield unavailable)
rNeg    . . .        (body armour unavailable)
rPois   +            (helmet unavailable)
rElec   +            (cloak unavailable)
rCorr   .            (gloves unavailable)
SInv    +            (boots unavailable)
Will    +....        F - amulet "Uxori" {Reflect rElec rC++ Int+3 SH+5}
Stlth   +++          w - +4 ring of protection
HPRegen 0.42/turn    d - ring of poison resistance
MPRegen 0.25/turn

%: reflection
@: tree-form, weak-willed, forested, animating dead
A: stationary, stasis, torment immunity, boosted hp, very small, (claws 1),
(fangs 3), see invisible, (shaggy fur 3), (stealthy paws), no weapons or thrown
items, no armour, multi-lived, subdued magic 1
}: 1/15 runes: serpentine
a: Renounce Religion, Unearth Wretches


You were on level 1 of the Shoals.
You worshipped Kikubaaqudgha.
Kikubaaqudgha was most pleased with you.
You were a tree.
You visited 6 branches of the dungeon, and saw 28 of its levels.
You also visited: Gauntlet.

You collected 2990 gold pieces.
You spent 2537 gold pieces at shops.


Innate Abilities, Weirdness & Mutations

You are a tree.
Your roots penetrate the ground, keeping you stationary.
You cannot be teleported.
You are immune to unholy pain and torment.
Your maximum health is greatly increased.
((You have sharp claws.))
((You have razor-sharp teeth.))
You have supernaturally acute eyesight. (SInv)
((Your thick and shaggy fur keeps you warm. (AC +3, rC+)))
((Your paws help you pounce on unaware monsters.))
You are incapable of wielding weapons or throwing items.
You cannot wear armour.
You gain extra lives every three experience levels.
Your spells are a little easier to cast, but a little less powerful.


   Skills:
 + Level 10.3 Fighting
 + Level 10.6 Dodging
 + Level 6.2 Stealth
 + Level 14.2 Spellcasting
 - Level 6.0 Hexes
 - Level 14.0 Summonings
 + Level 15.4 Necromancy
 - Level 5.0 Translocations
 - Level 6.8 Fire Magic
 - Level 11.3 Air Magic
 - Level 7.5 Earth Magic
 - Level 5.0 Evocations


You couldn't memorise any spells.
You knew the following spells:

 Your Spells              Type           Power      Damage    Failure   Level
a - Summon Small Mammal   Summ           100%       N/A       0%          1
b - Borgnjor's Vile Clut  Necr/Erth      29%        N/A       1%          5
c - Call Canine Familiar  Summ           66%        N/A       0%          3
d - Summon Blazeheart Go  Fire/Summ      57%        N/A       1%          4
e - Summon Lightning Spi  Summ/Air       63%        N/A       1%          4
f - Animate Dead          Necr           69%        N/A       1%          4
g - Summon Cactus Giant   Summ           33%        N/A       1%          6
h - Vampiric Draining     Necr           69%        2d10      0%          3
i - Summon Forest         Summ/Tloc      27%        N/A       1%          5
j - Summon Mana Viper     Hex/Summ       55%        N/A       1%          5
k - Martyr's Knell        Necr/Summ      68%        N/A       1%          4

Your spell library contained the following spells:

 Spells                   Type           Power      Damage    Failure   Level
 Necrotise                Necr           100%       1d9       0%          1
 Call Imp                 Summ           100%       N/A       0%          2
 Sublimation of Blood     Necr           69%        N/A       0%          2
 Kiss of Death            Conj/Necr      100%       2d13      1%          1
 Magic Dart               Conj           60%        1d6       1%          1
 Slow                     Hex            100%       N/A       1%          1
 Sting                    Conj/Alch      60%        1d6       1%          1
 Blink                    Tloc           72%        N/A       1%          2
 Cigotuvi's Dreadful Rot  Necr/Alch/Air  100%       N/A       1%          2
 Mercury Vapours          Alch/Air       78%        N/A       1%          2
 Confusing Touch          Hex            41%        N/A       1%          3
 Passwall                 Erth           47%        N/A       1%          3
 Sigil of Binding         Hex            41%        N/A       1%          3
 Tukima's Dance           Hex            41%        N/A       1%          3
 Anguish                  Hex/Necr       28%        N/A       1%          4
 Cause Fear               Hex            20%        N/A       1%          4
 Dispel Undead            Necr           69%        3d23      1%          4
 Death Channel            Necr           34%        N/A       1%          6
 Lee's Rapid Deconstruct  Erth           23%        3d13*     2%          5
 Searing Ray              Conj           30%        2d5       3%          2
 Brom's Barrelling Bould  Conj/Erth      31%        2d5       4%          4
 Flame Wave               Conj/Fire      30%        2d9       4%          4
 Ignite Poison            Fire/Alch      30%        N/A       4%          4
 Leda's Liquefaction      Alch/Erth      15%        N/A       4%          4
 Petrify                  Alch/Erth      31%        N/A       4%          4
 Haunt                    Necr/Summ      34%        N/A       4%          7
 Frozen Ramparts          Ice            30%        1d5       6%          3
 Freezing Cloud           Conj/Ice/Air   15%        6-21      13%         5
 Fireball                 Conj/Fire      15%        3d8       16%         5
 Metabolic Englaciation   Hex/Ice        14%        N/A       19%         5
 Fulminant Prism          Conj/Alch      7%         3d7       22%         4
 Olgreb's Toxic Radiance  Alch           15%        N/A       22%         4
 Borgnjor's Revivificati  Necr           34%        N/A       26%         8
 Infestation              Necr           34%        N/A       26%         8
 Conjure Ball Lightning   Conj/Air       19%        3x3d6     32%         6
 Iskenderun's Battlesphe  Conj           15%        2d7       54%         5
 Bombard                  Conj/Erth      15%        9d3       61%         6
 Death's Door             Necr           34%        N/A       99%         9
 Orb of Destruction       Conj           7%         9d6       100%        7
 Chain Lightning          Conj/Air       19%        3d26      100%        9
 Fire Storm               Conj/Fire      15%        8d4       100%        9
 Shatter                  Erth           23%        3d20*     100%        9

Inventory:

Jewellery
 a - a ring of protection from cold
   (You found it on level 9 of the Dungeon)
 d - a ring of poison resistance (right branch)
   (You found it on level 1 of the Dungeon)
 f - a ring of protection from fire
   (You acquired it on level 10 of the Dungeon)
 l - an amulet of regeneration {@e2}
   (You found it on level 3 of the Dungeon)
 r - a +5 ring of evasion
   (You took it off Fannar on level 1 of the Lair of Beasts)
 s - a +4 ring of protection
   (You found it on level 10 of the Dungeon)
 t - a ring of willpower
   (You found it on level 3 of the Snake Pit)
 v - a ring of wizardry
   (You found it on level 15 of the Dungeon)
 w - a +4 ring of protection (left branch)
   (You found it on level 2 of the Lair of Beasts)
 z - a ring of ice
   (You found it on level 1 of the Snake Pit)
 F - the amulet "Uxori" (around neck) {Reflect rElec rC++ Int+3 SH+5}
   (You bought it in a shop on level 1 of the Snake Pit)

   [amulet of reflection]

   Reflect:   It reflects blocked missile attacks.
   Int+3:     It affects your intelligence (+3).
   rC++:      It greatly protects you from cold.
   rElec:     It insulates you from electricity.
   SH+5:      It affects your SH (+5).
 H - an amulet of magic regeneration {@e2}
   (You took it off a naga on level 3 of the Snake Pit)
Wands
 b - a wand of flame (18)
   (You found it on level 9 of the Dungeon)
 u - a wand of polymorph (8)
   (You found it on level 11 of the Dungeon)
 D - a wand of digging (1)
   (You found it on level 4 of the Snake Pit)
Scrolls
 g - 2 scrolls of revelation
 j - 2 scrolls of immolation {!r!r}
 x - 13 scrolls of identify {@r1}
 C - a scroll of vulnerability {!r!r}
Potions
 i - 2 potions of ambrosia
 k - a potion of brilliance
 n - 2 potions of might
 o - 3 potions of cancellation
 p - 2 potions of resistance
 q - a potion of enlightenment
 A - 2 potions of mutation {!q}
 K - 2 potions of attraction {!q}

Dungeon Overview and Level Annotations

Branches:
Dungeon (15/15) Zot: 21750  Temple (1/1) D:5 Zot: 5803    Lair (5/5) D:11 Zot: 12525
 Shoals (1/4) Lair:3 Zot: 11361   Snake (4/4) Lair:2 Zot: 12611   Slime (0/5) Lair:4
    Orc (2/2) D:12 Zot: 8409     Elf (0/3) Orc:2        Vaults (0/5) D:14
 Depths (0/4) D:15        Gauntlet (visited)

Altars:
Ashenzari
Cheibriados
Dithmenos
Elyvilon
Fedhas
Gozag
Hepliaklqana
Kikubaaqudgha
Makhleb
Nemelex Xobeh
Okawaru
Qazlal
Ru
Sif Muna
Trog
Uskayaw
Vehumet
Wu Jian
Xom
Yredelemnul
Zin
The Shining One

Shops:
D:9 *   D:10 [   D:11 ?**   D:14 [   Orc:2 [=(***   Snake:1 =:=   Snake:3 !

Annotations:
D:4 Edmund
D:9 exclusion: orange crystal statue
D:13 3 runed translucent doors, avangion's ghost, journeyman DECj
Lair:2 exclusion: oklob plant
Snake:1 1 transporter
Snake:4 3 runed translucent doors, jejorda2's ghost, adept GnBe

≈≈≈≈≈≈~~~~.....
≈≈≈≈≈≈~~~~~...(
~~Z~~~Z)~~~~~~~
~~~~~Z~Z~Z~~~~~
..~Z)^Z.~~~~~~~
~..♣ZRZZZ~P~~~~
~~.│ZZ....~P~~~
≈≈│...)♣Z..~~~~
~≈│.Z.♣...P..~~
~..w....†..Z.~~
....YZ♣.♣..P.~~
..........PP.~~
.♣..........P~~
.....^.....~.~~
>.........Pc~~~
~


You could see a faun (ally target), a friendly dryad (summoned), a friendly
snaplasher vine, 3 friendly sea snake zombies, a friendly manticore zombie, 3
friendly merfolk zombies, a friendly merfolk javelineer zombie, 2 friendly wind
drake zombies, 5 friendly faun zombies, a friendly dream sheep zombie and a
friendly skyshark zombie.


Message History

The sling bullet barely misses your sea snake zombie.
You block the sling bullet with an invisible shield... and reflect it back!
The sling bullet hits your sea snake zombie.
Your merfolk zombie hits the satyr!
The satyr unwields a +0 spear.
The satyr wields a +0 longbow.
The satyr shoots an arrow.
The arrow barely misses your merfolk zombie.
The arrow hits the faun!!
Your dream sheep zombie headbutts the satyr!
Your dream sheep zombie headbutts the dream sheep.
Your wind drake zombie bites the plant.
The plant begins to die.
Your sea snake zombie bites the satyr!
The faun struggles to escape constriction.
Your dryad hits the satyr.
The satyr dies!
Kikubaaqudgha accepts your kill. 😱 MP[-5]
You lost 5 mp, and now have 15/36 mp.
A merfolk comes into view.
The merfolk shouts!
A wind drake comes into view.
The wind drake hisses angrily.
Kikubaaqudgha calls piteous wretches from the earth!
A faun and a skyshark come into view.
The zombie hands constrict the faun.
The zombie hands constrict the plant.
Something closely misses the dream sheep.
Something barely misses the dream sheep.
The faun unwields a +0 quarterstaff.
The faun wields a +0 sling.
The faun shoots a sling bullet.
The sling bullet barely misses you.
The dream sheep headbutts your dream sheep zombie!
Your manticore zombie bites the wind drake!!
The wind drake dies!
The dead are flying!
Kikubaaqudgha accepts your kill.
You feel a bit more experienced.
Your sea snake zombie bites the faun.
The faun dies!
The dead are walking!
Your wind drake zombie bites the plant.
You hear a shout! 😱 MP[-2]
You lost 2 mp, and now have 13/36 mp.
Unknown command.
The zombie hands constrict the faun!
The zombie hands constrict the plant!
Tree limbs sway around you.
A tree reaches out and hits the faun!
A tree reaches out and hits the skyshark!
The skyshark dies!
The dead are flying!
Your sea snake zombie bites the faun!
Your merfolk zombie hits the faun!
The faun dies!
Kikubaaqudgha accepts your kill.
You hear a splash. x2
The dead are walking!
Your faun zombie splashes around in the water.
The faun shoots a sling bullet.
The sling bullet hits you but does no damage.
A sea snake comes into view.
Your wind drake zombie bites the plant.
Your sea snake zombie completely misses the merfolk.
The faun unwields a +0 sling.
The faun wields a +0 spear.
The faun hits your merfolk zombie with a +0 spear!! 😱 HP[+1] Unknown command.
Casting: Borgnjor's Vile Clutch (mildly dangerous; 1% risk of failure)
Confirm with . or Enter, or press ? or * to list all spells.
Aiming: Borgnjor's Vile Clutch (mildly dangerous; 1% risk of failure)
Press: ? - help, Shift-Dir - straight line, f - merfolk
Aim: a merfolk (almost dead, paralysed, 100% to hit)
Your sea snake zombie is unaffected.
Zombie hands grab the merfolk.
Zombie hands grab the faun.
The zombie hands constrict the faun!
The zombie hands constrict the plant.
The zombie hands constrict the merfolk.
You kill the merfolk!
That felt strangely unrewarding.
A tree reaches out and hits the faun!
The dead are walking!
Your snaplasher vine loses its grip on something.
The vine drags something backwards!
Your snaplasher vine misses something.
Your snaplasher vine hits something.
The faun shoots a sling bullet.
The sling bullet hits you!
* * * LOW HITPOINT WARNING * * *
Your faun zombie splashes around in the water.
Your faun zombie hits the faun.
Your merfolk zombie completely misses the faun.
Your wind drake zombie bites the plant! 😱 HP[-14] MP[-5]
You take 14 damage, and now have 3/135 hp.
You lost 5 mp, and now have 8/36 mp.
You feel better.
The zombie hands constrict the faun.
The zombie hands constrict the plant!
A tree reaches out and hits the faun!
The faun dies!
Kikubaaqudgha accepts your kill.
You hear a splash. x2
Kikubaaqudgha accepts your kill.
You feel a bit more experienced.
A nearby plant withers and dies.
The zombie hands lose their grip on the plant.
A nearby plant withers and dies.
The dead are walking!
Your snaplasher vine grabs something.
Your snaplasher vine hits something!
Kikubaaqudgha accepts your kill.
You feel a bit more experienced.
The faun shoots a sling bullet.
The sling bullet hits you!
You die...
Kikubaaqudgha rasps: "You have failed me!
Welcome... death!"

Skill      XL: |  1  2  3  4  5  6  7  8  9 10 11 12 13 14 15 16 17 |
---------------+----------------------------------------------------+-----
Summonings     | 5 6 7 8 9 10 11 12 13 14 | 14.0
Spellcasting   | 3 4 5 6 7 8 9 10 11 12 13 14 | 14.2
Fire Magic     | 1 3 4 5 6 |  6.8
Air Magic      | 1 3 5 6 10 11 | 11.3
Necromancy     | 2 5 7 8 10 11 13 15 | 15.4
Dodging        | 3 4 5 8 10 | 10.6
Stealth        | 3 4 6 |  6.2
Evocations     | 1 2 4 5 |  5.0
Fighting       | 2 5 7 9 10 | 10.3
Translocations | 5 |  5.0
Hexes          | 6 |  6.0
Earth Magic    | 4 7 |  7.5

Action                     |  1- 3 |  4- 6 |  7- 9 | 10-12 | 13-15 | 16-18 || total
---------------------------+-------+-------+-------+-------+-------+-------++-------
  Melee: Unarmed           |    16 |    26 |    15 |    53 |   115 |    29 ||   254
         Bite              |     1 |     3 |     2 |     7 |    23 |     3 ||    39
         Punch             |       |     1 |       |       |     3 |     1 ||     5
   Cast: Summon Small Mamm |    56 |    91 |    45 |    20 |       |       ||   212
         Call Imp          |     1 |    22 |    21 |    12 |     3 |       ||    59
         Call Canine Famil |       |    18 |    71 |   143 |   150 |    23 ||   405
         Summon Blazeheart |       |       |     8 |    42 |    78 |    54 ||   182
         Summon Lightning  |       |       |     2 |    40 |   121 |    37 ||   200
         Animate Dead      |       |       |       |     8 |    30 |    26 ||    64
         Summon Cactus Gia |       |       |       |       |    54 |    81 ||   135
         Summon Forest     |       |       |       |       |     9 |    15 ||    24
         Vampiric Draining |       |       |       |       |    10 |     7 ||    17
         Summon Mana Viper |       |       |       |       |    12 |    90 ||   102
         Borgnjor's Vile C |       |       |       |       |       |   100 ||   100
         Martyr's Knell    |       |       |       |       |       |     4 ||     4
 Invoke: Unearth Wretches  |       |       |       |     2 |       |    10 ||    12
         Torment           |       |       |       |       |     2 |     3 ||     5
         Receive Forbidden |       |       |       |       |       |     1 ||     1
  Evoke: Wand              |       |       |       |    35 |    25 |    31 ||    91
    Use: Scroll            |       |    11 |     7 |    10 |    10 |    13 ||    51
         Potion            |       |     1 |     3 |     9 |    10 |    37 ||    60
   Stab: Sleeping          |       |     2 |     1 |       |     2 |       ||     5
         Distracted        |       |     1 |       |     4 |     2 |       ||     7
         Paralysed         |       |       |       |       |       |     1 ||     1
 Armour: Skin              |    12 |    23 |    28 |   103 |   164 |   187 ||   517
  Dodge: Dodged            |    37 |    60 |    54 |   185 |   473 |   328 ||  1137
  Block: Other             |       |       |       |       |       |    65 ||    65
         Reflection        |       |       |       |       |       |    10 ||    10

Levels and vault maps discovered:
D:1:      nagdon_arrival_double_spiral, layout_basic,
          hellmonk_ecumenical_altar_watching_god, minmay_misc_feat_doors,
          kennysheep_boxes
D:2:      layout_basic
D:3:      layout_basic, vehumet_crystals, nicolae_overflow_crystal_walls,
          mainiacjoe_overflow_boulevard, kennysheep_generic_room_16,
          uniq_terence, uniq_natasha
D:4:      layout_loops_ring, minivault_5, grunt_decor_junction,
          nicolae_kite_square_tiling_tiny, uniq_edmund
D:5:      layout_basic, grunt_temple_overflow_open, minmay_temple_entry_arrows
D:6:      layout_loops_ring, marbit_many_paths, grunt_ministairs_3,
          minmay_fractal_squares_gapless_5
D:7:      layout_loops_ring, kennysheep_mini, enter_bailey_7, uniq_maggie
D:8:      layout_loops_corners, mainiacjoe_overflow_brackets,
          trog_hazing_becter, mainiacjoe_overflow_alcove_3
D:9:      layout_loops_ring, overflow_temple_1_default, serial_shops, shop,
          st_stairs_11, minmay_protected_statue, uniq_harold, uniq_jeremiah,
          uniq_prince_ribbit1, uniq_maurice, uniq_amaemon
D:10:     layout_basic, serial_shops, shop, uniq_grum
D:11:     layout_stronghold, dpeg_lair_monsters, serial_column_ruins,
          column_ruins_hut_ruined, column_ruins_square_large,
          column_ruins_grid_4, column_ruins_grid_1,
          column_ruins_columns_straight, column_ruins_grid_3, serial_shops,
          nicolae_shop_advertising_works [nicolae_subvault_shop_adworks],
          nicolae_shop_gibbet_a_chance, ebering_ghost_gozag,
          minmay_misc_feat_four_crosses
D:12:     layout_rooms, minmay_orc_entry_temple_small
D:13:     layout_layer_cave, gauntlet_entry_generic, gammafunk_ghost_hydra_chop,
          elyvilon_altar_4
D:14:     layout_roguey, david_vaults_2, serial_park_tiny_1,
          nicolae_take_the_stairs, nrook_uturn, due_unseen_surprise
D:15:     gammafunk_depths_entry_grave, layout_basic,
          minmay_misc_feat_more_columns
Temple:   nicolae_temple_superstar
Lair:1:   layout_long_grid, infiniplex_staircase_pool_2, serial_bayou_shore_a,
          grunt_megastairs_3, uniq_fannar
Lair:2:   nzn_winding_woodlands_stair_cross [nzn_winding_woodlands_5x15_parted,
          nzn_winding_woodlands_center_lodge,
          nzn_winding_woodlands_5x15_pathside_ponds,
          nzn_winding_woodlands_hourglass, nzn_winding_woodlands_5x5_cross,
          nzn_winding_woodlands_5x15_sawtooth,
          nzn_winding_woodlands_center_garden,
          nzn_winding_woodlands_5x15_default], layout_chaotic_city,
          nicolae_snake_entry_warm_welcome, wad_woods_river_01
Lair:3:   layout_cave_pods, minmay_shoals_entry_centaurs,
          cheibrodos_lair_lostbears
Lair:4:   layout_regular_city, nicolae_slime_entry_field_trip, basic_altar,
          minmay_holes, nicolae_quartered_pool_super, serial_bayou_pond_d
Lair:5:   gammafunk_lair_ancient_temple, layout_cave_pods, uniq_kirke
Shoals:1: layout_shoals, nicolae_shoals_shepherds, uniq_frances
Snake:1:  gammafunk_sealed_library, layout_grid_shapes,
          beargit_elvish_explorers, minmay_shop_grove
Snake:2:  layout_misc_corridors, basic_altar, serial_bayou_pond_d, uniq_aizul
Snake:3:  layout_onion_interference, serial_shops, shop,
          nicolae_snake_the_dead_are_slithering, uniq_jorgrun
Snake:4:  hellmonk_snake_rune_quicksilver_temple, layout_chambers,
          gammafunk_ghost_split, uniq_vashnia
Orc:1:    layout_diamond_mine, nicolae_orc_damp_corner
Orc:2:    grunt_orc_cross, layout_diamond_mine, nicolae_specific_store

Notes
Turn   | Place    | Note
-------+----------+-------------------------------------------
     0 | D:1      | Zonian the Felid Summoner began the quest for the Orb.
     0 | D:1      | Reached XP level 1. HP: 9/9 MP: 4/4
     0 | D:1      | magus.rc [v1.9.6]
   161 | D:1      | Noticed a glass eye
   164 | D:1      | Found a faded altar of an unknown god.
   300 | D:1      | Noticed an eye of devastation
   303 | D:1      | Noticed a golden eye
   303 | D:1      | Noticed an eye of devastation
   452 | D:1      | Reached XP level 2. HP: 10/13 MP: 1/6
  1121 | D:1      | Learned a level 2 spell: Call Imp
  1343 | D:1      | Reached skill level 5 in Summonings
  1429 | D:2      | Reached XP level 3. HP: 16/16 MP: 4/7
  1433 | D:2      | Learned a level 3 spell: Call Canine Familiar
  1916 | D:2      | Reached XP level 4. HP: 21/21 MP: 3/8
  1916 | D:2      | Gained a life (2 lives remaining)
  2586 | D:3      | Reached skill level 6 in Summonings
  2711 | D:3      | Noticed Terence
  2737 | D:3      | Found an iron altar of Okawaru.
  2757 | D:3      | Noticed Natasha
  2783 | D:3      | Killed Natasha
  2784 | D:3      | Reached XP level 5. HP: 24/24 MP: 4/9
  2883 | D:3      | Noticed Natasha
  2954 | D:3      | Killed Natasha
  2979 | D:3      | Noticed Natasha
  2987 | D:3      | Killed Natasha
  3111 | D:3      | Found a radiant altar of Vehumet.
  3159 | D:3      | Killed Terence
  3337 | D:3      | Found a white marble altar of Elyvilon.
  3990 | D:3      | Gained mutation: You are covered in thick fur. (AC +2)
                  | [Felid growth]
  3990 | D:3      | Reached XP level 6. HP: 28/28 MP: 1/11
  4239 | D:4      | Noticed Edmund
  5004 | D:4      | Reached skill level 3 in Spellcasting
  5004 | D:4      | Reached skill level 7 in Summonings
  5013 | D:4      | Learned a level 4 spell: Summon Blazeheart Golem
  5770 | D:4      | Identified the +2 cloak of Xuepocot {Fly}
  6024 | D:4      | Reached skill level 1 in Fire Magic
  6058 | D:5      | Entered Level 5 of the Dungeon
  6089 | D:5      | Reached XP level 7. HP: 32/32 MP: 1/13
  6303 | D:5      | Reached skill level 2 in Fire Magic
  6320 | D:5      | Reached skill level 4 in Spellcasting
  6475 | D:5      | Found a staircase to the Ecumenical Temple.
  6586 | D:5      | Found an ornate altar of the Wu Jian Council.
  6597 | Temple   | Entered the Ecumenical Temple
  6800 | D:5      | You pick up a book of Death and begin reading...
  6800 | D:5      | You add the spells Animate Dead, Haunt and Infestation to
                  | your library.
  7144 | D:5      | Learned a level 4 spell: Summon Lightning Spire
  7156 | D:5      | Found a broken altar of Ashenzari.
  7873 | D:6      | Noticed a wyvern
  8408 | D:6      | Found a shimmering altar of Xom.
  8426 | D:6      | Reached skill level 1 in Air Magic
  8701 | D:6      | Reached skill level 3 in Fire Magic
  9039 | D:6      | Reached skill level 8 in Summonings
  9039 | D:6      | Reached XP level 8. HP: 36/36 MP: 8/15
  9193 | D:6      | Reached skill level 2 in Air Magic
  9225 | D:6      | You add the spells Kiss of Death, Passwall, Flame Wave and
                  | Bombard to your library.
  9225 | D:6      | Got the Elucidation of the Caves and Battle Magic
  9279 | D:6      | Reached skill level 5 in Spellcasting
  9879 | D:6      | Reached skill level 4 in Fire Magic
  9900 | D:6      | Reached skill level 3 in Air Magic
 11095 | D:7      | Reached XP level 9. HP: 32/39 MP: 7/18
 11232 | D:7      | Noticed Maggie
 11340 | D:7      | Killed Maggie
 11341 | D:7      | Reached skill level 6 in Spellcasting
 11341 | D:7      | Reached skill level 9 in Summonings
 11341 | D:7      | Reached skill level 4 in Air Magic
 11408 | D:7      | You fall into a shaft and drop 2 floors!
 11411 | D:9      | Noticed an orange demon
 11412 | D:9      | Noticed Amaemon
 11463 | D:7      | HP: 1/39 [spore (37)]
 11484 | D:7      | Reached skill level 5 in Fire Magic
 11533 | D:7      | You pick up a book of Annihilations and begin reading...
 11533 | D:7      | You add the spells Chain Lightning, Fire Storm and Shatter
                  | to your library.
 11767 | D:7      | Reached skill level 1 in Necromancy
 12058 | D:7      | Found an ancient bone altar of Kikubaaqudgha.
 12062 | D:7      | Became a worshipper of Kikubaaqudgha
 12565 | D:8      | Reached skill level 2 in Necromancy
 12620 | D:8      | You pick up a book of Conjurations {@e2} and begin
                  | reading...
 12620 | D:8      | You add the spells Magic Dart, Searing Ray and Fulminant
                  | Prism to your library.
 12673 | D:8      | Noticed a two-headed ogre
 12687 | D:8      | Killed a two-headed ogre
 12688 | D:8      | Reached skill level 5 in Air Magic
 12688 | D:8      | Reached XP level 10. HP: 44/44 MP: 8/21
 12899 | D:8      | Reached skill level 3 in Necromancy
 13135 | D:8      | Found a burning altar of Makhleb.
 13150 | D:8      | Learned a level 4 spell: Animate Dead
 13832 | D:8      | Reached skill level 6 in Fire Magic
 14042 | D:8      | Found a stormy altar of Qazlal.
 14042 | D:8      | Found a sparkling altar of Nemelex Xobeh.
 14044 | D:8      | Found a glowing golden altar of the Shining One.
 14044 | D:8      | Found a glowing silver altar of Zin.
 14107 | D:8      | Found a bloodstained altar of Trog.
 14465 | D:8      | Reached skill level 7 in Spellcasting
 15065 | D:9      | Noticed Jeremiah
 15123 | D:9      | Killed Amaemon
 15124 | D:9      | Reached skill level 10 in Summonings
 15125 | D:9      | Killed an orange demon
 15126 | D:9      | Reached skill level 4 in Necromancy
 15131 | D:9      | Noticed Prince Ribbit
 15136 | D:9      | Killed Prince Ribbit
 15141 | D:9      | Reached * piety under Kikubaaqudgha
 15141 | D:9      | You add the spells Necrotise and Sublimation of Blood to
                  | your library.
 15141 | D:9      | Received a gift from Kikubaaqudgha
 15151 | D:9      | Reached skill level 6 in Air Magic
 15492 | D:9      | Noticed Maurice
 15597 | D:9      | Killed Maurice
 15762 | D:9      | Found an opulent altar of Gozag.
 16263 | D:9      | Noticed an orange crystal statue
 16301 | D:9      | Found Fyesaunt's General Store.
 16309 | D:9      | Bought a potion of heal wounds for 65 gold pieces
 16351 | D:9      | Noticed a two-headed ogre
 16364 | D:9      | Killed a two-headed ogre
 16365 | D:9      | Reached skill level 3 in Dodging
 16365 | D:9      | Reached skill level 3 in Stealth
 16365 | D:9      | Reached skill level 5 in Necromancy
 16365 | D:9      | Reached skill level 1 in Evocations
 16365 | D:9      | Reached XP level 11. HP: 47/47 MP: 8/23
 16533 | D:9      | Noticed Harold
 16536 | D:9      | HP: 5/47 [Harold/bolt of light (21)]
 16550 | D:9      | HP: 11/70 [Harold/+0 heavy war axe (12)]
 16551 | D:9      | HP: 3/70 [Harold/+0 heavy war axe (9)]
 16556 | D:9      | Killed Jeremiah
 16558 | D:9      | Mangled by Harold
 16558 | D:9      | Lost a life (1 life remaining)
 16579 | D:9      | Killed Harold
 16580 | D:9      | Reached skill level 2 in Evocations
 16622 | D:9      | Reached skill level 4 in Stealth
 16625 | D:9      | Reached skill level 4 in Dodging
 16625 | D:9      | Reached skill level 8 in Spellcasting
 16934 | D:9      | magus.rc [v1.9.6]
 16959 | D:10     | Entered Level 10 of the Dungeon
 17237 | D:10     | Identified a scroll of acquirement
 17419 | D:10     | Found Faicwone's Armour Shoppe.
 18190 | D:10     | Noticed Grum
 18197 | D:10     | Reached skill level 7 in Air Magic
 18201 | D:10     | Killed Grum
 18559 | D:11     | Noticed a death yak
 18559 | D:11     | Noticed a death yak
 18559 | D:11     | Found a staircase to the Lair.
 18625 | D:11     | Found Wups's General Store.
 18633 | D:11     | Bought a wand of iceblast (5) for 192 gold pieces
 18633 | D:11     | Bought a potion of invisibility for 128 gold pieces
 18633 | D:11     | Bought a potion of curing for 48 gold pieces
 18633 | D:11     | Bought a scroll of teleportation for 48 gold pieces
 18938 | D:11     | Reached skill level 8 in Air Magic
 19112 | D:11     | Reached ** piety under Kikubaaqudgha
 19823 | D:11     | Reached skill level 9 in Air Magic
 20094 | D:11     | Found a runed translucent gate.
 20094 | D:11     | Found a runed translucent gate.
 20094 | D:11     | Found a runed translucent gate.
 20095 | D:11     | Noticed a boulder beetle
 20096 | D:11     | Found an opulent altar of Gozag.
 20098 | D:11     | Found Hiteheck's Assorted Antiques.
 20098 | D:11     | Noticed xnavy's ghost (journeyman DjCA)
 20220 | D:11     | Noticed a death yak
 20229 | D:11     | Killed a death yak
 20250 | D:11     | Killed a death yak
 20251 | D:11     | Killed a death yak
 20252 | D:11     | Reached skill level 10 in Air Magic
 20252 | D:11     | Gained mutation: Your thick and shaggy fur keeps you warm.
                  | (AC +3, rC+) [Felid growth]
 20252 | D:11     | Reached XP level 12. HP: 51/51 MP: 7/25
 20252 | D:11     | Gained a life (2 lives remaining)
 20462 | D:11     | Found Noum's Magic Scroll Boutique.
 20472 | D:11     | Bought a scroll of teleportation for 36 gold pieces
 20744 | Lair:1   | Entered Level 1 of the Lair of Beasts
 20843 | Lair:1   | Noticed Fannar
 21075 | Lair:1   | magus.rc [v1.9.6]
 21201 | Lair:1   | Killed Fannar
 21202 | Lair:1   | Reached skill level 11 in Air Magic
 21402 | Lair:1   | Noticed a boulder beetle
 22940 | Lair:1   | Acquired a ring of protection from fire
 23121 | Lair:2   | Reached skill level 6 in Necromancy
 23140 | Lair:2   | Killed a boulder beetle
 23752 | Lair:2   | You pick up a book of Sloth and begin reading...
 23752 | Lair:2   | You add the spells Frozen Ramparts, Leda's Liquefaction,
                  | Petrify and Metabolic Englaciation to your library.
 23789 | Lair:2   | You pick up a book of the Wilderness and begin reading...
 23789 | Lair:2   | You add the spells Summon Forest, Summon Mana Viper and
                  | Summon Cactus Giant to your library.
 24422 | Lair:2   | Found a staircase to the Snake Pit.
 24651 | Lair:2   | Reached skill level 3 in Evocations
 24788 | Lair:2   | Reached skill level 1 in Fighting
 25124 | Lair:2   | Reached skill level 11 in Summonings
 25503 | Lair:2   | Reached skill level 5 in Dodging
 25507 | Lair:2   | Reached skill level 2 in Fighting
 25685 | Lair:2   | Reached skill level 9 in Spellcasting
 25685 | Lair:2   | Reached skill level 7 in Necromancy
 25692 | Lair:2   | Reached skill level 4 in Evocations
 25969 | Lair:2   | Noticed a seven-headed hydra
 25976 | Lair:2   | Noticed a death yak
 26000 | Lair:2   | Killed a death yak
 26013 | Lair:2   | Reached XP level 13. HP: 59/59 MP: 11/27
 26066 | Lair:2   | Reached *** piety under Kikubaaqudgha
 26066 | Lair:2   | You add the spells Anguish, Dispel Undead, Martyr's Knell
                  | and Borgnjor's Vile Clutch to your library.
 26066 | Lair:2   | Received a gift from Kikubaaqudgha
 26213 | Lair:2   | Reached skill level 3 in Fighting
 26407 | Lair:2   | Reached skill level 6 in Dodging
 27509 | Lair:3   | Reached skill level 5 in Evocations
 27879 | Lair:3   | Reached skill level 4 in Fighting
 28139 | Lair:3   | Learned a level 6 spell: Summon Cactus Giant
 28281 | Lair:3   | Reached skill level 7 in Dodging
 28683 | Lair:3   | Reached skill level 8 in Necromancy
 29695 | Lair:3   | Found a staircase to the Shoals.
 30285 | Lair:4   | Found a hazy altar of Hepliaklqana.
 30671 | Lair:4   | Reached skill level 5 in Fighting
 30677 | Lair:4   | Reached skill level 8 in Dodging
 30683 | Lair:4   | HP: 13/63 [yak (11)]
 30763 | Lair:4   | magus.rc [v1.9.6]
 30837 | Lair:4   | Found a staircase to the Slime Pits.
 30855 | Lair:4   | Reached **** piety under Kikubaaqudgha
 31068 | Lair:4   | Reached skill level 10 in Spellcasting
 32713 | D:12     | You pick up a book of Conjurations {@e2} and begin
                  | reading...
 32787 | D:12     | Reached XP level 14. HP: 69/69 MP: 17/29
 33360 | D:12     | Reached skill level 9 in Dodging
 33364 | D:12     | Found a staircase to the Orcish Mines.
 33769 | D:12     | magus.rc [v1.9.6]
 33788 | D:12     | Reached skill level 9 in Necromancy
 34038 | D:12     | You pick up a book of Debilitation and begin reading...
 34038 | D:12     | You add the spells Slow, Sigil of Binding, Vampiric
                  | Draining and Confusing Touch to your library.
 34043 | D:12     | Learned a level 3 spell: Vampiric Draining
 34098 | D:12     | Reached skill level 6 in Fighting
 34790 | D:13     | Found a gate leading to a gauntlet.
 34800 | Gauntlet | Entered a Gauntlet
 34800 | Gauntlet | Found a transporter.
 34800 | Gauntlet | Found a large runed translucent door.
 34800 | Gauntlet | Found a large runed translucent door.
 34800 | Gauntlet | Found a large runed translucent door.
 34800 | Gauntlet | Found a large runed translucent door.
 34800 | Gauntlet | Found a large runed translucent door.
 34800 | Gauntlet | Found a large runed translucent door.
 34800 | Gauntlet | Found a runed translucent door.
 34800 | Gauntlet | Found a runed translucent door.
 34800 | Gauntlet | Found a large runed translucent door.
 34800 | Gauntlet | Found a large runed translucent door.
 34800 | Gauntlet | Found a large runed translucent door.
 34800 | Gauntlet | Found a large runed translucent door.
 34800 | Gauntlet | Found a large runed translucent door.
 34800 | Gauntlet | Found a large runed translucent door.
 34801 | Gauntlet | Found a large runed translucent door.
 34801 | Gauntlet | Found a large runed translucent door.
 34801 | Gauntlet | Found a large runed translucent door.
 34801 | Gauntlet | Found a large runed translucent door.
 34804 | Gauntlet | Found a transporter.
 34805 | Gauntlet | Found a runed translucent gate.
 34805 | Gauntlet | Found a runed translucent gate.
 34838 | Gauntlet | Found a transporter.
 34838 | Gauntlet | Found a runed translucent gate.
 34839 | Gauntlet | Found a transporter.
 34840 | Gauntlet | Found a transporter.
 34843 | Gauntlet | Found a transporter.
 34844 | Gauntlet | Found a transporter.
 34878 | Gauntlet | Found a transporter.
 35213 | D:13     | You pick up a book of the Spheres and begin reading...
 35213 | D:13     | You add the spells Brom's Barrelling Boulder, Iskenderun's
                  | Battlesphere, Fireball, Conjure Ball Lightning and Orb of
                  | Destruction to your library.
 35220 | D:13     | Learned a level 5 spell: Summon Forest
 35373 | D:13     | Found a runed translucent gate.
 35373 | D:13     | Found a runed translucent gate.
 35374 | D:13     | Found a runed translucent gate.
 35377 | D:13     | Noticed avangion's ghost (journeyman DECj)
 35956 | D:13     | Reached skill level 1 in Translocations
 36262 | D:13     | You add the spells Cigotuvi's Dreadful Rot, Ignite Poison
                  | and Freezing Cloud to your library.
 36738 | D:13     | Found a white marble altar of Elyvilon.
 37112 | D:13     | Reached skill level 2 in Translocations
 38263 | D:14     | Reached skill level 3 in Translocations
 38472 | D:14     | Found a gate to the Vaults.
 38603 | D:14     | Reached skill level 12 in Summonings
 38609 | D:14     | Reached skill level 10 in Dodging
 39226 | D:14     | Found Cebimes's Antique Armour Boutique.
 39240 | D:14     | You add the spells Sting, Mercury Vapours and Olgreb's
                  | Toxic Radiance to your library.
 39281 | D:14     | Reached skill level 7 in Fighting
 39281 | D:14     | Reached skill level 4 in Translocations
 39636 | Orc:1    | Entered Level 1 of the Orcish Mines
 39690 | Orc:2    | Entered Level 2 of the Orcish Mines
 40600 | Orc:2    | Noticed an orc warlord
 40740 | Orc:2    | Reached skill level 5 in Translocations
 40779 | Orc:2    | Reached skill level 11 in Spellcasting
 41277 | Orc:2    | Reached skill level 10 in Necromancy
 41402 | Orc:2    | Gained mutation: Your spells are a little easier to cast,
                  | but a little less powerful. [a neqoxec]
 41748 | Orc:2    | Reached ***** piety under Kikubaaqudgha
 41761 | Orc:2    | Killed an orc warlord
 41980 | Orc:2    | Found Emnaun's Antique Weapon Shop.
 42002 | Orc:2    | Found Ufiyxkam's General Store.
 42008 | Orc:2    | Bought a potion of haste for 110 gold pieces
 42008 | Orc:2    | Bought a potion of cancellation for 88 gold pieces
 42008 | Orc:2    | Bought a scroll of teleportation for 33 gold pieces
 42026 | Orc:2    | Found Limuan's Jewellery Shop.
 42044 | Orc:2    | Found Ecateckyaso's Antique Armour Shop.
 42058 | Orc:2    | Found a staircase to the Elven Halls.
 42405 | Orc:2    | Found Juvugg's Specific Store.
 42408 | Orc:2    | Found Umekeoga's General Store.
 42520 | Orc:1    | Reached XP level 15. HP: 77/77 MP: 4/31
 43166 | Orc:2    | Upgraded the game from 0.32-a0-17-gb74e046682 to
                  | 0.32-a0-18-g89e19f1974
 43166 | Orc:2    | magus.rc [v1.9.6]
 43381 | Lair:5   | Entered Level 5 of the Lair of Beasts
 43663 | Lair:5   | Reached skill level 8 in Fighting
 44219 | Lair:5   | Reached skill level 5 in Stealth
 45120 | Lair:5   | Reached skill level 6 in Stealth
 45855 | Lair:5   | Reached skill level 1 in Hexes
 45903 | Lair:5   | magus.rc [v1.9.6]
 46528 | Lair:5   | Noticed Kirke
 46535 | Lair:5   | Reached skill level 2 in Hexes
 46538 | Lair:5   | Killed Kirke
 46841 | Lair:5   | Reached skill level 3 in Hexes
 47001 | Lair:5   | Identified the +2 trident "Luuwid" {protect, ^Fragile
                  | +Blink Fly Will+}
 47386 | Lair:5   | Reached skill level 13 in Summonings
 47553 | Lair:5   | You pick up a book of the Earth and begin reading...
 48103 | D:15     | Entered Level 15 of the Dungeon
 48313 | D:14     | Learned a level 5 spell: Summon Mana Viper
 48317 | D:14     | HP: 1/78 [skeletal warrior/+0 dire flail (24)]
 48324 | D:14     | HP: 17/78 [skeletal warrior/+0 short sword (12)]
 48517 | D:15     | Reached skill level 4 in Hexes
 48524 | D:15     | Reached skill level 11 in Necromancy
 48567 | D:15     | Found a staircase to the Depths.
 49181 | D:15     | Reached skill level 9 in Fighting
 49250 | D:15     | Identified the +8 falchion of Might {freeze, rC++ Str+3}
 49518 | D:15     | Reached skill level 5 in Hexes
 49732 | D:15     | Reached skill level 12 in Spellcasting
 50387 | D:15     | Found the +4 Cigotuvi's embrace {Corpsefed rMiasma ^Drain
                  | rN+}
 51134 | D:15     | Upgraded the game from 0.32-a0-18-g89e19f1974 to
                  | 0.32-a0-20-ge526923d97
 51134 | D:15     | magus.rc [v1.9.6]
 51351 | Snake:1  | Entered Level 1 of the Snake Pit
 51401 | Snake:1  | Reached skill level 6 in Hexes
 51420 | Lair:2   | HP: 19/79 [constriction (1)]
 51893 | Snake:1  | Reached XP level 16. HP: 55/84 MP: 7/33
 51926 | Snake:1  | You pick up a book of Minor Magic and begin reading...
 51936 | Snake:1  | You add the spells Tukima's Dance and Cause Fear to your
                  | library.
 51936 | Snake:1  | Got Fet Ovudgh's Vademecum on Hexes and the Volcano
 52214 | Snake:1  | Found a transporter.
 52222 | Snake:1  | Found a radiant altar of Vehumet.
 52445 | Snake:1  | HP: 16/84 [poisoned by a black mamba]
 52446 | Snake:1  | HP: 6/84 [poisoned by a black mamba]
 52473 | Snake:1  | HP: 20/84 [poisoned by a naga ritualist (toxic radiance)]
 52722 | Snake:1  | Identified the +7 dagger "Jellybane" {flame, rPois}
 53399 | Snake:1  | Found Laxemidd's Jewellery Shoppe.
 53400 | Snake:1  | Found Jonwuxto's Book Shop.
 53402 | Snake:1  | Found Voruwaiw's Jewellery Shoppe.
 53413 | Snake:1  | Bought the amulet "Uxori" {Reflect rElec rC++ Int+3 SH+5}
                  | for 881 gold pieces
 53646 | Snake:2  | Identified the serpent talisman "Ynna" {rF- Int+4}
 53646 | Snake:2  | Noticed Aizul
 53661 | Snake:2  | Reached skill level 10 in Fighting
 53661 | Snake:2  | Killed Aizul
 53664 | Snake:2  | HP: 20/85 [shock serpent/bolt of electricity (7)]
 53672 | Snake:2  | Reached skill level 12 in Necromancy
 53719 | Snake:2  | Reached skill level 14 in Summonings
 53720 | Snake:2  | Your ally Aizul died
 53732 | Snake:2  | HP: 21/85 [poisoned by a naga ritualist (toxic radiance)]
 54253 | Snake:2  | Found a basalt altar of Yredelemnul.
 54482 | Snake:2  | Reached skill level 1 in Earth Magic
 54843 | Snake:2  | Reached skill level 13 in Spellcasting
 54860 | Snake:2  | Reached skill level 2 in Earth Magic
 55781 | D:8      | Learned a level 5 spell: Borgnjor's Vile Clutch
 55781 | D:8      | Upgraded the game from 0.32-a0-20-ge526923d97 to
                  | 0.32-a0-35-gd9ff480968
 55781 | D:8      | magus.rc [v1.9.6]
 56421 | Snake:3  | Noticed Jorgrun
 56461 | Snake:3  | Reached skill level 3 in Earth Magic
 56497 | Snake:3  | HP: 17/85 [naga sharpshooter/bolt (22)]
 56827 | Snake:3  | Killed Jorgrun
 57619 | Snake:2  | Reached skill level 13 in Necromancy
 57889 | Snake:3  | Reached skill level 4 in Earth Magic
 57902 | Snake:3  | magus.rc [v1.9.6]
 58624 | Snake:3  | Reached ****** piety under Kikubaaqudgha
 59277 | Snake:3  | Reached XP level 17. HP: 75/88 MP: 22/35
 59277 | Snake:3  | You add the spells Borgnjor's Revivification and Death's
                  | Door to your library.
 59277 | Snake:3  | Received a gift from Kikubaaqudgha (forbidden knowledge)
 59789 | Snake:3  | Found Ritesud's Distillery.
 59807 | Snake:3  | Bought a potion of resistance for 160 gold pieces
 59807 | Snake:3  | Bought a potion of magic for 128 gold pieces
 59807 | Snake:3  | Bought a potion of cancellation for 128 gold pieces
 60785 | Snake:4  | Entered Level 4 of the Snake Pit
 60791 | Snake:4  | Reached skill level 5 in Earth Magic
 60793 | Snake:4  | HP: 19/89 [black mamba[a naga ritualist] (8)]
 62094 | Snake:4  | Reached skill level 14 in Spellcasting
 62347 | Snake:4  | Noticed Vashnia
 62795 | Snake:4  | Reached skill level 6 in Earth Magic
 63123 | Snake:4  | Reached skill level 14 in Necromancy
 63518 | Snake:4  | Found a runed translucent gate.
 63519 | Snake:4  | Found a runed translucent gate.
 63520 | Snake:4  | Found a runed translucent gate.
 63521 | Snake:4  | Noticed jejorda2's ghost (adept GnBe)
 64085 | Snake:4  | Shot with a bolt by Vashnia
 64085 | Snake:4  | Lost a life (1 life remaining)
 64126 | Snake:4  | magus.rc [v1.9.6]
 64153 | Snake:4  | Reached skill level 7 in Earth Magic
 64478 | Snake:4  | HP: 7/89 [naga sharpshooter/bolt (34)]
 65559 | D:11     | Killed xnavy's ghost
 65762 | D:11     | Bought a scroll of teleportation for 72 gold pieces
 65762 | D:11     | Bought a potion of cancellation for 192 gold pieces
 65762 | D:11     | Bought a scroll of blinking for 180 gold pieces
 66531 | D:9      | You pick up a book of Unlife and begin reading...
 67321 | Shoals:1 | Entered Level 1 of the Shoals
 67336 | Shoals:1 | Noticed Frances
 67348 | Shoals:1 | HP: 17/89 [red devil/+0 trident[Frances] (17)]
 67351 | Shoals:1 | Killed Frances
 67542 | Shoals:1 | magus.rc [v1.9.6]
 67783 | Shoals:1 | Learned a level 4 spell: Martyr's Knell
 67783 | Shoals:1 | Upgraded the game from 0.32-a0-35-gd9ff480968 to
                  | 0.32-a0-40-g2adb59ae06
 67783 | Shoals:1 | magus.rc [v1.9.6]
 68210 | Snake:4  | Upgraded the game from 0.32-a0-40-g2adb59ae06 to
                  | 0.32-a0-42-ga30500b4d3
 68210 | Snake:4  | magus.rc [v1.9.6]
 68470 | Snake:4  | Killed Vashnia
 68471 | Snake:4  | Reached skill level 15 in Necromancy
 68543 | Snake:4  | HP: 13/89 [salamander tyrant (55)]
 68987 | Snake:4  | Noticed a quicksilver dragon
 69471 | Snake:4  | Killed a quicksilver dragon
 69515 | Snake:4  | HP: 14/89 [naga mage/bolt of poison (28)]
 69517 | Snake:4  | HP: 6/89 [poisoned by a naga mage (bolt of poison)]
 69518 | Snake:4  | HP: 2/89 [poisoned by a naga mage (bolt of poison)]
 69526 | Snake:4  | HP: 22/89 [poisoned by a naga mage (bolt of poison)]
 70278 | Snake:4  | HP: 22/89 [naga ritualist/Olgreb's Toxic Radiance (3)]
 70281 | Snake:4  | HP: 10/89 [naga ritualist/Olgreb's Toxic Radiance (2)]
 70286 | Snake:4  | HP: 12/89 [poisoned by a naga ritualist (toxic radiance)]
 70291 | Snake:4  | HP: 8/89 [poisoned by a naga ritualist (toxic radiance)]
 71160 | Snake:4  | Got a serpentine rune of Zot
 72106 | Snake:3  | Bought a potion of curing for 48 gold pieces
 72390 | Shoals:1 | HP: 11/90 [water nymph/the raging water (18)]
 72390 | Shoals:1 | Killed from afar by a wind drake
 72390 | Shoals:1 | Lost a life (0 lives remaining)
 72391 | Shoals:1 | Upgraded the game from 0.32-a0-42-ga30500b4d3 to
                  | 0.32-a0-43-g058985b245
 72391 | Shoals:1 | magus.rc [v1.9.6]
 72396 | Shoals:1 | HP: 11/90 [satyr/+0 spear (21)]
 72401 | Shoals:1 | HP: 3/135 [faun/sling bullet (14)]
 72402 | Shoals:1 | Shot with a sling bullet by a faun

Vanquished Creatures
  A quicksilver dragon (Snake:4)
  Frances (Shoals:1)
  Aizul (Snake:2)
  Kirke (Lair:5)
  A nagaraja (Snake:4)
  A sphinx zombie (D:15)
  A hydra (Lair:2)
  2 boulder beetles
  3 two-headed ogres
  7 anacondas
  3 death yaks
  A tengu warrior (D:15)
  7 naga warriors
  2 shock serpents
  5 naga sharpshooters
  3 sea snakes (Shoals:1)
  3 skysharks
  A mana viper (Snake:4)
  3 naga ritualists
  An orc knight (Orc:2)
  A salamander (Snake:4)
  8 ugly things
  A manticore (D:11)
  4 elephants
  12 black mambas
  5 guardian serpents
  An orange demon (D:9)
  5 cane toads
  Maggie (D:7)
  Jeremiah (D:9)
  6 komodo dragons
  3 trolls
  3 polar bears
  A merfolk (Shoals:1)
  2 hornets
  6 blink frogs
  A black mamba zombie (Snake:2)
  2 slime creatures (D:12)
  A shadow (D:7)
  A basilisk (Lair:2)
  10 yaks
  A warg (Orc:1)
  5 nagas
  A naga zombie (Snake:2)
  A water moccasin (Lair:1)
  2 orc warriors
  2 elephant zombies
  A wolf (D:10)
  4 bullfrogs
  A salamander zombie (Snake:2)
  A warg zombie (Orc:2)
  2 yak zombies
  A killer bee (D:10)
  3 electric eels
  A basilisk zombie (Lair:2)
  A jelly (Lair:4)
  An orc priest (Orc:1)
  Natasha (D:3)
  4 orc wizards (Orc:2)
  An orc zombie (Orc:1)
  2 ball pythons
  An endoplasm (D:4)
  2 goblins
  A jackal (D:1)
  A bat (D:3)
  2 kobolds
166 creatures vanquished.

Vanquished Creatures (collateral kills)
  Vashnia (Snake:4)
  Jorgrun (Snake:3)
  4 nagarajas
  An orc warlord (Orc:2)
  2 dire elephants (Snake:1)
  The ghost of xnavy the Fighter, a journeyman DjCA of Ignis (D:11)
  A merfolk javelineer (Shoals:1)
  A quicksilver dragon zombie (D:15)
  Harold (D:9)
  3 salamander tyrants (Snake:4)
  Fannar (Lair:1)
  7 two-headed ogres
  2 hydras
  7 anacondas
  3 boulder beetles
  A centaur warrior (D:14)
  2 ogre magi
  A merfolk avatar (Lair:5)
  2 death yaks
  3 tengu warriors
  11 naga warriors
  A satyr (Shoals:1)
  A vampire mage (D:15)
  9 shock serpents
  11 naga sharpshooters
  2 orc high priests
  A deep elf knight (Snake:1)
  Amaemon (D:9)
  2 skeletal warriors (D:14)
  A salamander mystic (Snake:3)
  4 skysharks
  A spectral anaconda (Snake:3)
  A spark wasp zombie (D:15)
  A sea snake (Shoals:1)
  15 mana vipers
  A deep elf archer (Snake:1)
  6 naga ritualists
  An anaconda skeleton (Snake:3)
  A necromancer (D:14)
  14 ugly things
  4 orc knights
  4 deep elf pyromancers
  12 salamanders
  5 fauns (Shoals:1)
  9 cyclopes
  Maurice (D:9)
  4 orc sorcerers
  3 manticores
  6 guardian serpents
  13 elephants
  A water nymph (Shoals:1)
  30 black mambas
  A kobold blastminer (Orc:1)
  10 cane toads
  3 gargoyles
  2 spectral sea snakes (Snake:3)
  2 torpor snails
  11 naga magi
  An unseen horror (D:11)
  2 kobold demonologists
  4 komodo dragons
  5 rime drakes
  2 efreet (D:13)
  2 spectral nagas (Snake:3)
  2 sea snake skeletons (Snake:3)
  3 spectral guardian serpents (Snake:3)
  9 polar bears
  5 trolls
  3 merfolk (Shoals:1)
  4 wind drakes
  5 hornets
  3 nameless horrors
  12 blink frogs
  24 dream sheep
  Prince Ribbit (D:9)
  2 snapping turtles
  7 slime creatures
  2 wraiths
  A water elemental (Shoals:1)
  3 hogs (Lair:5)
  29 yaks
  8 wyverns
  A basilisk (Lair:1)
  Grum (D:10)
  A sea snake simulacrum (Snake:3)
  2 wargs
  6 vampire mosquitoes (D:13)
  2 acid dragons
  39 nagas
  8 water moccasins
  A hell hound (Snake:1)
  A naga skeleton (Snake:3)
  4 guardian serpent simulacra (Snake:3)
  28 orc warriors
  A sky beast (D:8)
  8 ogres
  2 black bears (Lair:2)
  4 ice beasts
  3 boggarts (D:15)
  9 wolves
  4 centaurs
  A phantom (D:5)
  4 kobold brigands
  20 bullfrogs
  A gnoll sergeant (D:6)
  3 scorpions
  4 naga simulacra (Snake:3)
  8 wights
  A hornet simulacrum (D:14)
  14 killer bees
  6 howler monkeys
  A bombardier beetle (D:7)
  4 lava snakes (Lair:2)
  8 hounds
  7 jellies
  A gnoll bouda (D:9)
  15 orc priests
  2 sleepcaps (D:5)
  Natasha (twice) (D:3)
  Terence (D:3)
  4 hell rats (D:11)
  6 iguanas
  13 orc wizards
  8 gnolls
  6 adders
  A shadow imp (D:6)
  A white imp (D:6)
  A jelly zombie (Lair:4)
  2 dart slugs
  2 ribbon worms
  72 orcs
  6 endoplasms
  8 hobgoblins
  9 jackals
  A quokka (D:4)
  6 ball pythons
  6 bats
  A frilled lizard (D:3)
  15 goblins
  29 kobolds
  2 orc zombies (Orc:2)
  4 rats
821 creatures vanquished.

Vanquished Creatures (others)
  A salamander tyrant (Snake:4)
  3 guardian serpent zombies
  A naga warrior (Snake:4)
  A shock serpent (Snake:4)
  2 anaconda zombies
  2 sea snakes (Shoals:1)
  A mana viper (Snake:4)
  4 ugly thing zombies
  A manticore (Shoals:1)
  4 shock serpent zombies
  4 mana viper zombies
  4 black mambas (Snake:4)
  2 guardian serpents (Snake:4)
  A dire elephant zombie (Snake:1)
  3 naga magi (Snake:4)
  A yak (Lair:1)
  11 black mamba zombies
  A basilisk (Lair:1)
  3 two-headed ogre zombies (Orc:2)
  A tengu zombie (D:13)
  3 nagas
  A water moccasin (Lair:1)
  3 ogre zombies
  5 cane toad zombies
  An orc warrior (D:11)
  8 elephant zombies
  A blink frog zombie (Lair:4)
  3 komodo dragon zombies (Lair:5)
  7 salamander zombies
  2 wyvern zombies
  A warg zombie (Orc:1)
  A hell hound zombie (Snake:1)
  3 water moccasin zombies
  A polar bear zombie (Lair:3)
  A troll zombie (D:12)
  12 yak zombies
  3 wolf zombies (Lair:3)
  5 bullfrog zombies
  A basilisk zombie (Lair:1)
  36 naga zombies
  A quokka (D:13)
  30 orc zombies
  108 blazeheart cores
  12 snaplasher vines
300 creatures vanquished.

Grand Total: 1287 creatures vanquished

Table legend:
 A = Non-vault XP
 B = Vault XP
 C = Vault XP percentage of total XP
 D = Non-vault monster count
 E = Vault monster count
 F = Vault count percentage of total count
                 A         B        C        D         E       F
            +---------+---------+-------+---------+---------+-------
      Total |  191156 |   97521 |  33.8 |     699 |     261 |  27.2
            +---------+---------+-------+---------+---------+-------
        D:1 |      40 |       0 |   0.0 |      22 |       0 |   0.0
        D:2 |      82 |       0 |   0.0 |      24 |       0 |   0.0
        D:3 |     196 |      72 |  26.9 |      22 |       2 |   8.3
        D:4 |     178 |       0 |   0.0 |      22 |       0 |   0.0
        D:5 |     639 |       0 |   0.0 |      14 |       0 |   0.0
        D:6 |     909 |     651 |  41.7 |      28 |       7 |  20.0
        D:7 |    1356 |     396 |  22.6 |      22 |       5 |  18.5
        D:8 |    2333 |      11 |   0.5 |      26 |       6 |  18.8
        D:9 |    2569 |    4382 |  63.0 |      26 |       9 |  25.7
       D:10 |    1309 |     533 |  28.9 |      13 |       4 |  23.5
       D:11 |    3786 |    5017 |  57.0 |      12 |      12 |  50.0
       D:12 |    6323 |     368 |   5.5 |      15 |       9 |  37.5
       D:13 |    7223 |       0 |   0.0 |      18 |       0 |   0.0
       D:14 |    7501 |    4628 |  38.2 |      16 |       6 |  27.3
       D:15 |   13882 |    3269 |  19.1 |      30 |       4 |  11.8
     Lair:1 |    3670 |    1186 |  24.4 |      23 |       3 |  11.5
     Lair:2 |    6490 |   12059 |  65.0 |      17 |      45 |  72.6
     Lair:3 |    7152 |    1808 |  20.2 |      26 |       8 |  23.5
     Lair:4 |   11701 |     180 |   1.5 |      36 |       4 |  10.0
     Lair:5 |   11141 |   10837 |  49.3 |      30 |      27 |  47.4
   Shoals:1 |    4199 |    4943 |  54.1 |       8 |      11 |  57.9
    Snake:1 |   14571 |    3431 |  19.1 |      31 |       5 |  13.9
    Snake:2 |   22412 |    1383 |   5.8 |      43 |       1 |   2.3
    Snake:3 |   22406 |    7104 |  24.1 |      39 |      22 |  36.1
    Snake:4 |   32502 |   24331 |  42.8 |      63 |      29 |  31.5
      Orc:1 |    3215 |       0 |   0.0 |      44 |       0 |   0.0
      Orc:2 |    3371 |   10932 |  76.4 |      29 |      42 |  59.2
            +---------+---------+-------+---------+---------+-------

Skill      XL: |  1  2  3  4  5  6  7  8  9 10 11 12 13 14 15 16 17 |
---------------+----------------------------------------------------+-----
Summonings     | 5 6 7 8 9 10 11 12 13 14 | 14.0
Spellcasting   | 3 4 5 6 7 8 9 10 11 12 13 14 | 14.2
Fire Magic     | 1 3 4 5 6 |  6.8
Air Magic      | 1 3 5 6 10 11 | 11.3
Necromancy     | 2 5 7 8 10 11 13 15 | 15.4
Dodging        | 3 4 5 8 10 | 10.6
Stealth        | 3 4 6 |  6.2
Evocations     | 1 2 4 5 |  5.0
Fighting       | 2 5 7 9 10 | 10.3
Translocations | 5 |  5.0
Hexes          | 6 |  6.0
Earth Magic    | 4 7 |  7.5

Action                     |  1- 3 |  4- 6 |  7- 9 | 10-12 | 13-15 | 16-18 || total
---------------------------+-------+-------+-------+-------+-------+-------++-------
  Melee: Unarmed           |    16 |    26 |    15 |    53 |   115 |    29 ||   254
         Bite              |     1 |     3 |     2 |     7 |    23 |     3 ||    39
         Punch             |       |     1 |       |       |     3 |     1 ||     5
   Cast: Summon Small Mamm |    56 |    91 |    45 |    20 |       |       ||   212
         Call Imp          |     1 |    22 |    21 |    12 |     3 |       ||    59
         Call Canine Famil |       |    18 |    71 |   143 |   150 |    23 ||   405
         Summon Blazeheart |       |       |     8 |    42 |    78 |    54 ||   182
         Summon Lightning  |       |       |     2 |    40 |   121 |    37 ||   200
         Animate Dead      |       |       |       |     8 |    30 |    26 ||    64
         Summon Cactus Gia |       |       |       |       |    54 |    81 ||   135
         Summon Forest     |       |       |       |       |     9 |    15 ||    24
         Vampiric Draining |       |       |       |       |    10 |     7 ||    17
         Summon Mana Viper |       |       |       |       |    12 |    90 ||   102
         Borgnjor's Vile C |       |       |       |       |       |   100 ||   100
         Martyr's Knell    |       |       |       |       |       |     4 ||     4
 Invoke: Unearth Wretches  |       |       |       |     2 |       |    10 ||    12
         Torment           |       |       |       |       |     2 |     3 ||     5
         Receive Forbidden |       |       |       |       |       |     1 ||     1
  Evoke: Wand              |       |       |       |    35 |    25 |    31 ||    91
    Use: Scroll            |       |    11 |     7 |    10 |    10 |    13 ||    51
         Potion            |       |     1 |     3 |     9 |    10 |    37 ||    60
   Stab: Sleeping          |       |     2 |     1 |       |     2 |       ||     5
         Distracted        |       |     1 |       |     4 |     2 |       ||     7
         Paralysed         |       |       |       |       |       |     1 ||     1
 Armour: Skin              |    12 |    23 |    28 |   103 |   164 |   187 ||   517
  Dodge: Dodged            |    37 |    60 |    54 |   185 |   473 |   328 ||  1137
  Block: Other             |       |       |       |       |       |    65 ||    65
         Reflection        |       |       |       |       |       |    10 ||    10

Illustrated notes

Table legend:
 A = Kills in this place as a percentage of kills in the entire game.
 B = Kills by you in this place as a percentage of kills by you in the entire game.
 C = Kills by friends in this place as a percentage of kills by friends in the entire game.
 D = Other kills in this place as a percentage of other kills in the entire game.
 E = Experience gained in this place as a percentage of experience gained in the entire game.
 F = Experience gained in this place divided by the number of levels of this place that you have seen.
                   A       B       C       D       E      F
               +-------+-------+-------+-------+-------+----------------------
         Total | 100.0 | 100.0 | 100.0 | 100.0 | 100.0 | 9954.4
       Dungeon |  39.0 |  28.6 |  41.0 |   0.0 |  23.4 | 4510.2
          Lair |  22.8 |  32.5 |  21.0 |   0.0 |  22.9 | 13244.8
        Shoals |   2.0 |   2.6 |   1.9 |   0.0 |   3.2 | 9142.0
     Snake Pit |  24.3 |  29.9 |  23.1 | 100.0 |  44.4 | 32035.0
  Orcish Mines |  12.0 |   6.5 |  13.0 |   0.0 |   6.1 | 8759.0
               +-------+-------+-------+-------+-------+----------------------

Table legend: (Time is in decaauts)
 A = Elapsed time spent in this place.
 B = Non-inter-level travel time spent in this place.
 C = Inter-level travel time spent in this place.
 D = Time resting spent in this place.
 E = Time spent auto-exploring this place.
 F = Levels seen in this place.
 G = Mean time per level.
                   A        B        C        D        E       F      G
               +--------+--------+--------+--------+--------+-----+--------+
         Total |  72572 |  69400 |   3172 |  38182 |  14923 |  29 | 2502.5 |
       Dungeon |  33174 |  31543 |   1631 |  15092 |   9636 |  15 | 2211.6 |
        Temple |    196 |    181 |     15 |      0 |      0 |   1 |  196.0 |
          Lair |  17474 |  16543 |    931 |   9962 |   2818 |   5 | 3494.8 |
        Shoals |    637 |    635 |      2 |    333 |      0 |   1 |  637.0 |
     Snake Pit |  17388 |  16843 |    545 |  10730 |   1879 |   4 | 4347.0 |
  Orcish Mines |   3590 |   3543 |     47 |   2063 |    589 |   2 | 1795.0 |
      Gauntlet |    110 |    110 |      0 |      0 |      0 |   1 |  110.0 |
               +--------+--------+--------+--------+--------+-----+--------+

Top non-repeatable levels by time:
 Snake:4: 8442 daAuts
  Lair:2: 4968 daAuts
  Lair:5: 4264 daAuts
 Snake:3: 3670 daAuts
     D:9: 3397 daAuts
 Snake:2: 3063 daAuts
  Lair:3: 3044 daAuts
   Orc:2: 3021 daAuts
    D:11: 2935 daAuts
    D:13: 2837 daAuts
     D:8: 2828 daAuts
    D:14: 2763 daAuts
     D:6: 2757 daAuts
  Lair:1: 2679 daAuts
  Lair:4: 2516 daAuts
